 Dungeon Crawl Stone Soup version 0.20.0-8-g6b59dc7 (webtiles) character file.

8255 Firecrotchwizard the Arsonist (level 11, -4/91 HPs)
             Began as a Red Draconian Fire Elementalist on June 2, 2017.
             Was a Priest of Sif Muna.
             Slain by an eight-headed hydra (15 damage)
             ... on level 1 of the Lair of Beasts.
             The game lasted 00:38:15 (12168 turns).

Firecrotchwizard the Arsonist (DrFE)               Turns: 12168, Time: 00:38:15

Health: -4/91      AC: 15    Str: 10    XL:     11   Next: 7%
Magic:  11/28      EV: 15    Int: 19    God:    Sif Muna [***...]
Gold:   442        SH:  6    Dex: 12    Spells: 10/20 levels left

rFire    + . .     SeeInvis .   a - +7 flail (protect)
rCold    . . .     Gourm    .   s - +1 buckler {reflect}
rNeg     . . .     Faith    .   (armour unavailable)
rPois    .         Spirit   .   (helmet restricted)
rElec    .         Reflect  +   (no cloak)
rCorr    .         Harm     .   (no gloves)
MR       .....                  k - +0 pair of boots
Stlth    ++........             (no amulet)
Regen    0.3/turn               p - ring of magical power {MP+9}
MPRegen  0.3/turn               (no ring)

@: protection aura, very slightly contaminated
A: breathe fire, unfitting armour, fire resistance 1, cold-blooded, AC +7
a: Breathe Fire, Divine Energy, Channel Magic, Renounce Religion


You were on level 1 of the Lair of Beasts.
You worshipped Sif Muna.
Sif Muna was most pleased with you.
You were very hungry.

You visited 2 branches of the dungeon, and saw 11 of its levels.

You collected 604 gold pieces.
You spent 162 gold pieces at shops.

Inventory:

Hand Weapons
 a - a +7 flail of protection (weapon)
   (You took it off Edmund on level 4 of the Dungeon)
 b - a +0 hunting sling
   (You found it on level 2 of the Dungeon)
 u - a cursed +2 short sword of freezing
   (You took it off a wight on level 9 of the Dungeon)
Missiles
 l - 41 sling bullets
 n - 169 stones (quivered)
Armour
 k - a +0 pair of boots (worn)
   (You bought it in a shop on level 5 of the Dungeon)
 s - a +1 buckler of reflection (worn)
   (You found it on level 3 of the Dungeon)
Jewellery
 p - a ring of magical power (left hand) {MP+9}
   (You found it on level 6 of the Dungeon)
Scrolls
 e - 3 scrolls of fog
 g - 3 scrolls of teleportation
 i - 3 scrolls of remove curse
 j - 4 scrolls of identify
 A - a scroll of enchant armour
Potions
 c - 2 potions of flight
 d - 2 potions of mutation {!q}
 h - a potion of might
 o - a potion of haste
 q - 3 potions of heal wounds
 t - 4 potions of curing
 v - a potion of lignification {!q}
Books
 w - a book of Flames
Comestibles
 f - 14 fruits
 m - 5 bread rations {@e1}
 r - 10 meat rations {@e2}
 x - 5 royal jellies
 z - 2 chunks of flesh {@w0}


   Skills:
 + Level 6.4 Fighting
 + Level 6.0 Dodging
 - Level 1.7 Stealth
 - Level 5.3 Shields
 - Level 5.3 Spellcasting
 - Level 8.7 Conjurations
 - Level 9.0 Fire Magic
 + Level 6.7 Invocations


You had 10 spell levels left.
You knew the following spells:

 Your Spells              Type           Power        Failure   Level  Hunger
a - Flame Tongue          Conj/Fire      #####        1%          1    None
f - Fireball              Conj/Fire      #####.....   9%          5    #####..
s - Sticky Flame          Conj/Fire      #####...     3%          4    ####...


Dungeon Overview and Level Annotations

Branches:
Dungeon (10/15)            Temple (0/1) D:5            Lair (1/6) D:8
    Orc: D:9-12

Altars:
Cheibriados
Fedhas
Hepliaklqana
Kikubaaqudgha
Makhleb
Nemelex Xobeh
Okawaru
Sif Muna
Uskayaw
Xom
Yredelemnul
The Shining One

Shops:
D:5 [   D:6 !

Annotations:
D:7 Axe's ghost, novice OgMo
D:8 exclusion: two-headed ogre


Innate Abilities, Weirdness & Mutations

You can breathe blasts of fire.
Your fiery red scales are hard. (AC +7)
You cannot fit into any form of body armour.
Your flesh is heat resistant. (rF+)
You are cold-blooded and may be slowed by cold attacks.


Message History

You butcher the leopard gecko corpse.
z - 2 chunks of flesh {@w0}
n - 168 stones (gained 1)
n - 169 stones (gained 1) Done exploring.
MP restored: 28
(D) Dungeon (T) Temple (L) Lair
Where to? (Enter - Lair:1, ? - help)
You see here a glowing scale mail.
There is a stone staircase leading down here.
There is a stone staircase leading up here.
You climb upwards.
Level annotation: exclusion: two-headed ogre
There is a stone staircase leading down here.
There is an open door here.
Things that are here:
a chain mail; a battleaxe You see here a whip.
There is a staircase to the Lair here.
You climb downwards.
Welcome to the Lair of Beasts!
A water moccasin and a hydra come into view.
There is a staircase back to the Dungeon here.
You aren't carrying any items that you can evoke.
Okay, then.
Okay, then.
Aim: an eight-headed hydra (resting)
The fireball explodes!
The fireball engulfs the eight-headed hydra.
The eight-headed hydra roars!
You are feeling hungry.
The water moccasin hisses angrily.
You now have 23/28 mp.
Aim: an eight-headed hydra (lightly wounded)
You miscast Fireball.
You are very lightly contaminated with residual magic.
You feel uncomfortably hot.
You now have 18/28 mp.
Aim: an eight-headed hydra (lightly wounded)
You miscast Sticky Flame.
You are momentarily dazzled by a flash of light!
You are feeling very hungry.
You now have 14/28 mp.
Aim: an eight-headed hydra (lightly wounded)
The sticky flame hits the eight-headed hydra.
The eight-headed hydra is covered in liquid flames!
The eight-headed hydra burns!
The eight-headed hydra bites you! The eight-headed hydra bites you.
The eight-headed hydra bites you!
The eight-headed hydra closely misses you.
You block the eight-headed hydra's attack.
The eight-headed hydra closely misses you. x3
The water moccasin bites you but does no damage.
You take 27 damage, and have 64/91 hp.
MASSIVE DAMAGE!!
You now have 10/28 mp.
You sock the eight-headed hydra!
Your weapon exudes an aura of protection.
You tail-slap the eight-headed hydra.
The eight-headed hydra burns! x2
The water moccasin bites you but does no damage.
The eight-headed hydra bites you but does no damage. x2
The eight-headed hydra misses you.
The eight-headed hydra bites you but does no damage.
The eight-headed hydra bites you!
The eight-headed hydra bites you but does no damage.
The eight-headed hydra barely misses you.
The eight-headed hydra bites you! You block the water moccasin's attack.
The eight-headed hydra bites you!
The eight-headed hydra barely misses you.
The eight-headed hydra misses you.
The eight-headed hydra bites you but does no damage.
The eight-headed hydra closely misses you.
The eight-headed hydra bites you!
* * * LOW HITPOINT WARNING * * *
The eight-headed hydra closely misses you.
The eight-headed hydra misses you.
You take 40 damage, and have 24/91 hp.
MASSIVE DAMAGE!!
You sock the eight-headed hydra!
The eight-headed hydra burns!
The water moccasin bites you but does no damage.
The water moccasin bites you!
* * * LOW HITPOINT WARNING * * *
The eight-headed hydra closely misses you.
The eight-headed hydra bites you but does no damage.
The eight-headed hydra barely misses you.
You block the eight-headed hydra's attack.
The eight-headed hydra bites you.
* * * LOW HITPOINT WARNING * * *
The eight-headed hydra bites you but does no damage. x2
You block the eight-headed hydra's attack.
You take 8 damage, and have 16/91 hp.
You hit the eight-headed hydra.
The eight-headed hydra burns! x2
The water moccasin barely misses you.
The eight-headed hydra closely misses you.
The eight-headed hydra bites you.
* * * LOW HITPOINT WARNING * * *
The eight-headed hydra completely misses you.
The eight-headed hydra bites you.
* * * LOW HITPOINT WARNING * * *
You block the eight-headed hydra's attack.
The eight-headed hydra bites you!
You die...

.# .# #.##
######...#
#......./#
###........#
...........#
#...S@D..#
#........#
#........#
#........#
#..........
#........###
####..####
#..#


You could see an eight-headed hydra (burning) and a water moccasin.

Vanquished Creatures
  2 hydras
  A skeletal warrior (D:9)
  An unseen horror (D:10)
  2 dream sheep (D:8)
  A hornet (D:9)
  A hippogriff (D:9)
  4 yaks
  A spriggan (shapeshifter) (D:9)
  A wyvern (D:9)
  A steam dragon (D:8)
  Edmund (D:4)
  2 porcupines (D:8)
  An ice beast (D:10)
  An eye of draining (D:9)
  3 orc warriors
  A sky beast (D:9)
  A phantom (D:9)
  An ogre (D:9)
  4 centaurs
  5 bullfrogs
  3 big kobolds (D:8)
  4 scorpions
  6 killer bees (D:10)
  5 wights
  A howler monkey (D:4)
  10 crimson imps
  A centaur zombie (D:9)
  6 hounds
  A jelly (D:5)
  2 orc priests
  2 bullfrog skeletons
  5 iguanas
  3 orc wizards
  8 worker ants
  A hound skeleton (D:8)
  A worker ant zombie (D:5)
  19 adders
  3 shadow imps
  A white imp (D:9)
  An ooze (D:5)
  2 adder skeletons (D:9)
  2 adder zombies
  5 worms
  4 dart slugs
  5 leopard geckos
  29 orcs
  2 ball pythons
  4 giant cockroaches
  6 goblins
  5 hobgoblins
  7 jackals
  6 quokkas
  8 bats
  4 frilled lizards
  10 kobolds
  10 rats
227 creatures vanquished.

Vanquished Creatures (others)
  An unseen horror (D:10)
  A jelly (D:10)
  An adder (D:8)
  2 fungi (D:8)
5 creatures vanquished.

Grand Total: 232 creatures vanquished

Notes
Turn   | Place    | Note
-------+----------+-------------------------------------------
     0 | D:1      | Firecrotchwizard the Draconian Fire Elementalist began the quest for the Orb.
     0 | D:1      | Reached XP level 1. HP: 14/14 MP: 3/3
   154 | D:1      | HP: 2/14 [hobgoblin/club (4)]
   506 | D:1      | Reached XP level 2. HP: 18/20 MP: 5/5
  1476 | D:2      | Reached XP level 3. HP: 17/26 MP: 0/7
  1793 | D:2      | Reached skill level 2 in Conjurations
  2536 | D:2      | Found a faded altar of an unknown god.
  2723 | D:2      | Reached XP level 4. HP: 14/33 MP: 0/8
  3269 | D:3      | Reached skill level 3 in Conjurations
  3274 | D:3      | Reached skill level 3 in Spellcasting
  3527 | D:3      | Reached XP level 5. HP: 32/38 MP: 0/9
  3690 | D:3      | Learned a level 4 spell: Sticky Flame
  3696 | D:3      | Learned a level 5 spell: Fireball
  3740 | D:3      | Reached skill level 4 in Fire Magic
  3913 | D:3      | Found an ancient bone altar of Kikubaaqudgha.
  3914 | D:3      | Found a blossoming altar of Fedhas.
  4085 | D:3      | Found a sparkling altar of Nemelex Xobeh.
  4443 | D:4      | Reached skill level 4 in Conjurations
  4492 | D:4      | Reached XP level 6. HP: 43/45 MP: 3/11
  4745 | D:4      | Noticed a hand axe
  4746 | D:4      | Noticed a hand axe
  4831 | D:4      | Found a hazy altar of Hepliaklqana.
  4938 | D:4      | Found a hide-covered altar of Uskayaw.
  4975 | D:4      | Noticed Edmund
  5136 | D:4      | Found a deep blue altar of Sif Muna.
  5160 | D:4      | Became a worshipper of Sif Muna the Loreminder
  5360 | D:4      | Killed Edmund
  5360 | D:4      | Reached skill level 5 in Conjurations
  5616 | D:4      | Reached skill level 4 in Spellcasting
  5616 | D:4      | Your scales start taking on a fiery red colour.
  5616 | D:4      | Reached skill level 5 in Fire Magic
  5616 | D:4      | Reached XP level 7. HP: 48/50 MP: 5/13
  5616 | D:4      | Gained mutation: Your flesh is heat resistant. (rF+) [Red Draconian growth]
  5760 | D:5      | Entered Level 5 of the Dungeon
  5760 | D:5      | Found a staircase to the Ecumenical Temple.
  5810 | D:5      | Reached skill level 6 in Fire Magic
  5824 | D:5      | Found a burning altar of Makhleb.
  5958 | D:5      | Found Fabeckaa's Armour Emporium.
  5964 | D:5      | Bought a +0 pair of boots for 58 gold pieces
  6157 | D:5      | Found a snail-covered altar of Cheibriados.
  6519 | D:6      | Found a basalt altar of Yredelemnul.
  6669 | D:6      | Found Rydwal's Distillery.
  6673 | D:6      | Bought a potion of heal wounds for 65 gold pieces
  6673 | D:6      | Bought a potion of curing for 39 gold pieces
  6955 | D:6      | Found a glowing golden altar of the Shining One.
  7350 | D:6      | Noticed an angel
  7397 | D:7      | Reached skill level 6 in Conjurations
  7448 | D:7      | Reached * piety under Sif Muna
  7448 | D:7      | Reached skill level 7 in Fire Magic
  7495 | D:7      | Noticed Axe's ghost (novice OgMo)
  7633 | D:7      | Found an iron altar of Okawaru.
  7682 | D:7      | Reached XP level 8. HP: 57/57 MP: 11/14
  8049 | D:8      | Reached skill level 7 in Conjurations
  8049 | D:8      | Reached skill level 8 in Fire Magic
  8216 | D:8      | Reached skill level 5 in Spellcasting
  8333 | D:8      | Noticed a dream sheep
  8336 | D:8      | Noticed a dream sheep
  8341 | D:8      | Reached ** piety under Sif Muna
  8352 | D:8      | Killed a dream sheep
  8352 | D:8      | Reached skill level 9 in Fire Magic
  8352 | D:8      | Reached XP level 9. HP: 33/62 MP: 14/17
  8357 | D:8      | Reached skill level 1 in Shields
  8363 | D:8      | Reached skill level 2 in Shields
  8363 | D:8      | Reached skill level 8 in Conjurations
  8617 | D:8      | Noticed a two-headed hydra
  8627 | D:8      | HP: 14/62 [two-headed hydra (11)]
  8628 | D:8      | Killed a two-headed hydra
  8628 | D:8      | Reached skill level 5 in Shields
  8995 | D:8      | Reached skill level 2 in Dodging
  9096 | D:8      | Noticed a two-headed ogre
  9159 | D:8      | Found a staircase to the Lair.
  9164 | D:8      | Reached skill level 1 in Fighting
  9164 | D:8      | Reached skill level 1 in Invocations
  9276 | D:9      | Reached skill level 2 in Fighting
  9276 | D:9      | Reached skill level 2 in Invocations
  9374 | D:9      | Reached skill level 3 in Dodging
  9379 | D:9      | Reached skill level 3 in Fighting
  9379 | D:9      | Reached XP level 10. HP: 60/77 MP: 13/18
  9476 | D:9      | Reached skill level 3 in Invocations
  9589 | D:9      | Noticed a skeletal warrior
  9604 | D:9      | Killed a skeletal warrior
  9604 | D:9      | Reached skill level 4 in Fighting
  9604 | D:9      | Reached skill level 4 in Invocations
  9821 | D:9      | Reached skill level 4 in Dodging
 10466 | D:9      | Reached skill level 5 in Invocations
 10742 | D:9      | Reached skill level 5 in Fighting
 10801 | D:9      | Reached *** piety under Sif Muna
 10832 | D:9      | Reached skill level 5 in Dodging
 11177 | D:9      | Found a shimmering altar of Xom.
 11252 | D:9      | Noticed a five-headed hydra
 11383 | D:9      | HP: 17/81 [five-headed hydra (8)]
 11384 | D:9      | HP: 7/81 [five-headed hydra (4)]
 11385 | D:9      | Killed a five-headed hydra
 11385 | D:9      | Reached skill level 6 in Invocations
 11746 | D:10     | Entered Level 10 of the Dungeon
 11760 | D:10     | Reached skill level 6 in Fighting
 11779 | D:10     | Killed an unseen horror
 11800 | D:10     | HP: 20/83 [centaur/spear (12)]
 11804 | D:10     | Reached XP level 11. HP: 21/89 MP: 12/19
 11807 | D:10     | HP: 21/89 [poisoned by a killer bee]
 11812 | D:10     | Noticed an unseen horror
 11815 | D:10     | HP: 19/89 [unseen horror (3)]
 11816 | D:10     | Killed an unseen horror
 11816 | D:10     | Reached skill level 6 in Dodging
 12100 | D:10     | Noticed an orc knight
 12161 | Lair:1   | Entered Level 1 of the Lair of Beasts
 12161 | Lair:1   | Noticed an eight-headed hydra
 12167 | Lair:1   | HP: 17/91 [water moccasin (7)]
 12168 | Lair:1   | Slain by an eight-headed hydra

Skill      XL: |  1  2  3  4  5  6  7  8  9 10 11 |
---------------+----------------------------------+-----
Conjurations   | 2 3 4 5 6 7 8 |  8.7
Spellcasting   | 3 4 5 |  5.3
Fire Magic     | 4 5 7 9 |  9.0
Shields        | 5 |  5.3
Dodging        | 3 5 6 |  6.0
Fighting       | 3 6 |  6.4
Invocations    | 2 6 |  6.7
Stealth        | |  1.7

Action                   |  1- 3 |  4- 6 |  7- 9 | 10-12 || total
-------------------------+-------+-------+-------+-------++-------
Melee: Short sword       |    34 |       |       |       ||    34
       Club              |    16 |     3 |       |       ||    19
       Tailslap          |     6 |       |    10 |     9 ||    25
       Flail             |       |       |    53 |    80 ||   133
 Fire: Hunting sling     |       |    63 |   113 |    43 ||   219
Throw: Stone             |    29 |    46 |    11 |    10 ||    96
 Cast: Flame Tongue      |    63 |   101 |   125 |    96 ||   385
       Sticky Flame      |       |     5 |    29 |    23 ||    57
       Fireball          |       |       |       |     4 ||     4
  Use: Scroll            |       |       |    11 |     3 ||    14
 Stab: Sleeping          |     5 |       |       |       ||     5
  Eat: Chunk             |     5 |    11 |     9 |     9 ||    34
       Fruit             |       |       |     6 |     1 ||     7
       Royal jelly       |       |       |     1 |     2 ||     3
Armor: Skin              |    17 |    15 |    57 |    54 ||   143
Dodge: Dodged            |    46 |    37 |    87 |    83 ||   253
Block: Buckler           |       |       |       |    31 ||    31
       Reflection        |       |       |       |     2 ||     2

Vault maps used:
D:1:      dpeg_arrival_radiant, kennysheep_nondescript
D:2:      chequers_ecumenical_altar_lobes, bh_walls_and_bars
D:3:      grunt_temple_overflow_growth_and_decay, marbit_many_paths
D:4:      led_sif_pool, nicolae_overflow_crystal_walls, dancing_weapons_uskayaw,
          uniq_edmund
D:5:      cheibriados_altar_1, lemuel_crystal_altar, temple_fountains,
          first_bread, serial_shops, shop
D:6:      grunt_temple_overflow_holy_war, serial_shops, nicolae_shop_trees
D:7:      cheibrodos_ashenzari_chains, okawaru_humans
D:8:      grunt_lair_entry_orc_guard_hut, hangedman_ranch, uniq_gastronok
D:9:      kennysheep_windowed_halls, lemuel_coloured_pillars_altar,
          minmay_misc_feat_ornament, minmay_nine_imps
D:10:     minmay_the_grid_plus, xom_confusion_cloud
Lair:1:   uniq_grum

Table legend:
 A = Turns spent in this place as a percentage of turns spent in the entire game.
 B = Non-inter-level travel turns spent in this place as a percentage of non-inter-level travel turns spent in the entire game.
 C = Inter-level travel turns spent in this place as a percentage of turns spent in this place.
 D = Turns resting spent in this place as a percentage of non-inter-level travel turns spent in this place.
 E = Turns spent auto-exploring this place as a percentage of non-inter-level travel turns spent in this place.
 F = Non-inter-level travel turns spent in this place divided by the number of levels of this place that you've seen.
                   A       B       C       D       E      F
               +-------+-------+-------+-------+-------+----------------------
         Total | 100.0 | 100.0 |   1.1 |   9.1 |  11.5 | 222.8
       Dungeon |  99.6 |  99.6 |   1.1 |   9.1 |  11.5 | 244.2
          Lair |   0.4 |   0.4 |   0.0 |   0.0 |   0.0 |   9.0
               +-------+-------+-------+-------+-------+----------------------

Table legend:
 A = Kills in this place as a percentage of kills in entire the game.
 B = Kills by you in this place as a percentage of kills by you in the entire game.
 C = Kills by friends in this place as a percentage of kills by friends in the entire game.
 D = Other kills in this place as a percentage of other kills in the entire game.
 E = Experience gained in this place as a percentage of experience gained in the entire game.
 F = Experience gained in this place divided by the number of levels of this place that you have seen.
                   A       B       C       D       E      F
               +-------+-------+-------+-------+-------+----------------------
         Total | 100.0 | 100.0 |  -nan | 100.0 | 100.0 | 1072.2
       Dungeon | 100.0 | 100.0 |  -nan | 100.0 | 100.0 | 1179.4
               +-------+-------+-------+-------+-------+----------------------
